 Dungeon Crawl Stone Soup version 0.25-a0-803-g58bd18402a (webtiles) character file.

Game seed: 4311058232294657602, levelgen mode: deterministic

1279 Maedhros the Sneak (level 8, -23/52 HPs)
             Began as an Octopode Artificer on Apr 19, 2020.
             Was an Initiate of Cheibriados.
             Annihilated by a two-headed ogre
             ... wielding a +0 giant club
              (30 damage)
             ... on level 8 of the Dungeon.
             The game lasted 00:09:20 (1331 turns).

Maedhros the Sneak (Octopode Artificer)             Turns: 1331, Time: 00:09:21

Health: -23/52     AC:  1    Str: 12    XL:     8   Next: 54%
Magic:  12/12      EV: 14    Int: 15    God:    Cheibriados [......]
Gold:   93         SH:  5    Dex: 15    Spells: 7/7 levels left

rFire    . . .     SeeInvis +     - Unarmed
rCold    . . .     Gourm    .   o - +0 buckler
rNeg     . . .     Faith    .   (helmet restricted)
rPois    .         Spirit   .   n - amulet of harm
rElec    .         Reflect  .   i - ring of see invisible
rCorr    .         Harm     +   g - ring of stealth
MR       .....                  (no ring)
Stlth    +++++.....             (no ring)
HPRegen  0.17/turn              (no ring)
MPRegen  0.13/turn              (no ring)
                                (no ring)
                                (no ring)

@: very slow
A: almost no armour, stealthy swim, amphibious, 8 rings, constrict 8, camouflage
1, gelatinous body 1
a: Bend Time, Renounce Religion


You were on level 8 of the Dungeon.
You worshipped Cheibriados.
Cheibriados was noncommittal.
You were hungry.

You visited 2 branches of the dungeon, and saw 9 of its levels.

You collected 93 gold pieces.

Inventory:

Missiles
 r - 6 atropa-tipped darts (quivered)
 s - 18 poisoned darts
Armour
 o - a +0 buckler (worn)
Jewellery
 g - a ring of stealth (right tentacle)
 i - a ring of see invisible (left tentacle)
 n - an amulet of harm (around mantle)
Wands
 b - a wand of flame (3)
 c - a wand of enslavement (10)
 d - a wand of random effects (3)
 k - a wand of paralysis (3)
Scrolls
 e - a scroll of identify {unknown}
 j - 3 scrolls of magic mapping {unknown}
 t - a scroll of amnesia {unknown}
Potions
 h - a potion of haste {unknown}
 l - a potion of might {unknown}
 m - a potion of stabbing {unknown}
 p - a potion of lignification {unknown}
 q - 2 potions of curing {unknown}
Comestibles
 f - 6 rations


   Skills:
 + Level 3.0 Fighting
   Level 1.0 Short Blades
 + Level 3.5 Dodging
 + Level 6.1 Stealth
 + Level 2.8 Shields
 * Level 5.8 Unarmed Combat
 + Level 5.7 Evocations


You had 7 spell levels left.
You didn't know any spells.
Your spell library was empty.

Dungeon Overview and Level Annotations

Branches:
Dungeon (8/15)             Temple (1/1) D:7
   Lair: D:8-11

Altars:
Ashenzari
Cheibriados
Gozag
Kikubaaqudgha
Makhleb
Qazlal
Trog
Xom
The Shining One

Annotations:
D:5 1 runed translucent door, triki's ghost, novice CeAM


Innate Abilities, Weirdness & Mutations

You cannot wear most types of armour.
You are very stealthy in the water. (Stealth+)
You are amphibious.
You can wear up to eight rings at the same time.
You can use your tentacles to constrict eight enemies at once.
Your skin changes colour to match your surroundings (Stealth+).
Your rubbery body absorbs attacks. (AC +1, EV +1)


Message History

The puff of flame hits the two-headed ogre!
The two-headed ogre is heavily wounded.
Evoke which item? (* to show all) (? for menu, Esc to quit)
Aiming: Paralyse
Press: ? - help, Shift-Dir - straight line, f/p - two-headed ogre
Aim: a two-headed ogre, wielding a +0 giant club and a +0 dire flail (heavily wounded, chance to defeat MR: 46%)
The two-headed ogre resists with some effort.
Evoke which item? (* to show all) (? for menu, Esc to quit)
Aiming: Paralyse
Press: ? - help, Shift-Dir - straight line, f/p - two-headed ogre
Aim: a two-headed ogre, wielding a +0 giant club and a +0 dire flail (heavily wounded, chance to defeat MR: 46%)
The two-headed ogre resists with some effort.
Evoke which item? (* to show all) (? for menu, Esc to quit)
Aiming: Paralyse
Press: ? - help, Shift-Dir - straight line, f/p - two-headed ogre
Aim: a two-headed ogre, wielding a +0 giant club and a +0 dire flail (heavily wounded, chance to defeat MR: 46%)
The two-headed ogre resists with some effort.
The two-headed ogre hits you with a +0 giant club!!
Ouch! That really hurt!
You die...

........# #.########
........####..#.#
......<.......#.
........### ##
..........# ..
......#.#.## ###
......#.#.##. ..
......#.#.# .###########
......O@#.# ..#....#<#.
........#.# #.#.##.#.#.
........#.####.#.##.....
........#........####.##
.......>######.### #.#
.......## #.# #.#
####.#. #.# #.. .... ..#
### ###


You could see a two-headed ogre.

Vanquished Creatures
  An acid dragon (D:8)
  Edmund (D:5)
  2 bullfrogs
  An ice beast (D:7)
  An ogre (D:7)
  2 scorpions
  A howler monkey (D:4)
  A bullfrog zombie (D:5)
  A crimson imp (D:7)
  A jelly (D:8)
  3 orc priests (D:8)
  A centaur skeleton (D:7)
  3 hounds
  An iguana (D:8)
  Ijyb (D:3)
  2 worker ant zombies (D:5)
  3 adders
  A shadow imp (D:7)
  A dart slug (D:5)
  5 orcs
  3 giant cockroaches
  A goblin (D:3)
  A quokka (D:4)
  A ball python (D:3)
39 creatures vanquished.

Vanquished Creatures (collateral kills)
  A hungry ghost (D:8)
  A bullfrog (D:7)
  A leopard gecko (D:8)
3 creatures vanquished.

Vanquished Creatures (others)
  2 withered plants (D:5)
2 creatures vanquished.

Grand Total: 44 creatures vanquished

Notes
Turn   | Place    | Note
-------+----------+-------------------------------------------
     0 | D:1      | Maedhros the Octopode Artificer began the quest for the
                  | Orb.
     0 | D:1      | Reached XP level 1. HP: 13/13 MP: 3/3
     3 | D:1      | Noticed an electric eel
     3 | D:1      | Noticed an electric eel
   101 | D:3      | Noticed Ijyb
   133 | D:3      | Paralysed by something for 7 turns
   186 | D:3      | Killed Ijyb
   186 | D:3      | Reached skill level 2 in Stealth
   186 | D:3      | Reached skill level 1 in Unarmed Combat
   186 | D:3      | Reached XP level 2. HP: 11/18 MP: 4/4
   186 | D:3      | Reached XP level 3. HP: 14/23 MP: 5/5
   219 | D:5      | Entered Level 5 of the Dungeon
   223 | D:5      | Reached XP level 4. HP: 20/28 MP: 6/6
   231 | D:5      | Reached skill level 3 in Stealth
   293 | D:5      | Noticed triki's ghost (novice CeAM)
   294 | D:5      | Found a runed translucent door.
   354 | D:4      | Reached XP level 5. HP: 17/33 MP: 8/8
   422 | D:4      | Noticed an ogre
   427 | D:4      | Found a shattered altar of Ashenzari.
   495 | D:4      | Reached skill level 4 in Stealth
   533 | D:4      | Reached XP level 6. HP: 25/38 MP: 9/9
   551 | D:5      | Noticed Edmund
   564 | D:5      | Killed Edmund
   617 | D:6      | Found a bloodstained altar of Trog.
   756 | D:5      | Reached skill level 1 in Shields
   913 | D:7      | Reached XP level 7. HP: 39/44 MP: 10/10
   940 | D:7      | Reached skill level 5 in Stealth
   952 | D:7      | Reached skill level 5 in Evocations
   964 | D:7      | Reached skill level 5 in Unarmed Combat
   993 | D:7      | Found a shattered altar of Ashenzari.
  1000 | D:7      | Found a staircase to the Ecumenical Temple.
  1009 | Temple   | Entered the Ecumenical Temple
  1043 | Temple   | Became a worshipper of Cheibriados the Contemplative
  1146 | D:8      | Reached XP level 8. HP: 46/51 MP: 10/12
  1233 | D:8      | Killed an acid dragon
  1233 | D:8      | Reached skill level 6 in Stealth
  1316 | D:8      | Noticed a two-headed ogre
  1331 | D:8      | Annihilated by a two-headed ogre

Levels and vault maps discovered:
D:1:      arrival_aquarium_b, layout_basic
D:2:      layout_rooms, first_ration, uniq_terence
D:3:      layout_basic, uniq_ijyb
D:4:      layout_basic, minmay_misc_feat_cross, ashenzari_altar_1
D:5:      layout_loops_ring, gammafunk_ghost_grave, uniq_edmund
D:6:      layout_basic, trog_three_pillars_becter
D:7:      layout_loops_ring, minmay_temple_entry_statues_fountains, basic_altar,
          grunt_ogre_cave
D:8:      layout_basic
Temple:   roderic_octagonal_lattice_temple

Skill      XL: |  1  2  3  4  5  6  7  8 |
---------------+-------------------------+-----
Stealth        | 2 3 4 5 6 |  6.1
Unarmed Combat | 1 2 3 4 5 |  5.8
Evocations     | 4 5 |  5.7
Shields        | 1 2 |  2.8
Fighting       | 2 3 |  3.0
Dodging        | 3 |  3.5
Short Blades   | |  1.0

Action                   |  1- 3 |  4- 6 |  7- 9 || total
-------------------------+-------+-------+-------++-------
Melee: Short sword       |    11 |    29 |       ||    40
       Tentacles         |     3 |    14 |    11 ||    28
       Constrict         |     4 |    15 |    14 ||    33
       Punch             |     1 |       |     1 ||     2
       Unarmed           |       |    24 |    60 ||    84
Evoke: Wand              |     7 |     8 |    18 ||    33
  Use: Potion            |       |       |     1 ||     1
 Stab: Sleeping          |     1 |     6 |     2 ||     9
       Distracted        |       |     1 |       ||     1
       Paralysed         |       |     6 |     7 ||    13
  Eat: Chunk             |       |       |     1 ||     1
Armor: Skin              |     1 |     2 |       ||     3
Dodge: Dodged            |     6 |    28 |    21 ||    55
Block: Buckler           |       |     3 |     6 ||     9

Table legend:
 A = Non-vault XP
 B = Vault XP
 C = Vault XP percentage of total XP
 D = Non-vault monster count
 E = Vault monster count
 F = Vault count percentage of total count
                 A         B        C        D         E       F
            +---------+---------+-------+---------+---------+-------
      Total |    1630 |     198 |  10.8 |      40 |       2 |   4.8
            +---------+---------+-------+---------+---------+-------
        D:3 |       6 |      36 |  85.7 |       3 |       1 |  25.0
        D:4 |     216 |       0 |   0.0 |       8 |       0 |   0.0
        D:5 |     139 |     162 |  53.8 |       8 |       1 |  11.1
        D:6 |      13 |       0 |   0.0 |       1 |       0 |   0.0
        D:7 |     572 |       0 |   0.0 |       8 |       0 |   0.0
        D:8 |     684 |       0 |   0.0 |      12 |       0 |   0.0
            +---------+---------+-------+---------+---------+-------
